 Dungeon Crawl Stone Soup version 0.22-b1-26-g9dbaab1 (webtiles) character file.

37972 zishaf the Grappler (level 14, -16/65 HPs)
             Began as a Vine Stalker Transmuter on Aug 6, 2018.
             Was a High Priest of Wu Jian.
             Demolished by a dire elephant (21 damage)
             ... on level 6 of the Lair of Beasts.
             The game lasted 00:44:39 (17134 turns).

zishaf the Grappler (Vine Stalker Transmuter)      Turns: 17134, Time: 00:44:39

Health: -16/65     AC: 12    Str: 22    XL:     14   Next: 0%
Magic:  0/22       EV: 18    Int: 18    God:    Wu Jian [*****.]
Gold:   1195       SH:  0    Dex: 15    Spells: 17/23 levels left

rFire    + . .     SeeInvis +     - Unarmed
rCold    + + .     Gourm    .   (no shield)
rNeg     . . .     Faith    .   D - +5 leather armour "Umoitt" {*Slow rF+ rC++ Stlth+}
rPois    .         Spirit   +   R - +0 hat {SInv}
rElec    +         Reflect  .   C - +1 cloak
rCorr    .         Harm     .   (no gloves)
MR       +....                  k - +0 pair of boots
Stlth    ++........             W - amulet of regeneration
HPRegen  1.40/turn              X - +3 ring of strength
MPRegen  0.18/turn              Y - ring "Fanguyff" {rElec Str+2 Int+4 SInv}

@: no status effects
A: fangs 3, regeneration 2, magic shield, antimagic bite, no potion heal 3, rot
immunity
a: Wall Jump, Serpent's Lash, Heavenly Storm, Renounce Religion


You were on level 6 of the Lair of Beasts.
You worshipped Wu Jian.
Wu Jian was extremely pleased with you.
You were not hungry.

You visited 3 branches of the dungeon, and saw 19 of its levels.

You collected 1195 gold pieces.

Inventory:

Hand Weapons
 w - a +0 hunting sling
Missiles
 e - 2 javelins (quivered)
 z - 161 sling bullets
Armour
 h - a +1 scale mail of fire resistance
 k - a +0 pair of boots (worn)
 C - a +1 cloak (worn)
 D - the +5 leather armour "Umoitt" (worn) {*Slow rF+ rC++ Stlth+}
   (You found it on level 6 of the Dungeon)

   It protects you from fire.
   It greatly protects you from cold.
   It may slow you when you take damage.
   It makes you more stealthy.
 R - a +0 hat of see invisible (worn)
 S - a +2 robe of fire resistance
Jewellery
 A - an uncursed ring of protection from fire
 E - a +3 ring of protection
 J - the ring "Rieh" {rElec rF+ rC+ MR- Dex+2}
   (You found it on level 9 of the Dungeon)

   [ring of protection from cold]

   It affects your dexterity (+2).
   It protects you from fire.
   It protects you from cold.
   It insulates you from electricity.
   It affects your resistance to hostile enchantments.
 W - an amulet of regeneration (around neck)
 X - a +3 ring of strength (left hand)
 Y - the ring "Fanguyff" (right hand) {rElec Str+2 Int+4 SInv}
   (You found it on level 1 of the Lair of Beasts)

   [ring of see invisible]

   It affects your strength (+2).
   It affects your intelligence (+4).
   It insulates you from electricity.
   It lets you see invisible.
Wands
 b - a wand of disintegration (33)
 I - a wand of iceblast (20)
 L - a wand of enslavement (15)
 M - a wand of acid (4)
 O - a wand of flame (32)
 P - a wand of paralysis (57)
Scrolls
 c - 3 scrolls of vulnerability {unknown}
 i - 2 scrolls of fog {unknown}
 j - 7 scrolls of fear {unknown}
 l - 4 scrolls of enchant weapon {unknown}
 m - a scroll of blinking {unknown}
 n - 11 scrolls of remove curse
 q - 3 scrolls of amnesia {unknown}
 u - 3 scrolls of magic mapping
 y - 7 scrolls of teleportation
 B - 3 scrolls of enchant armour {unknown}
 F - 3 scrolls of random uselessness {unknown}
 Q - a scroll of holy word {unknown}
 T - a scroll of summoning {unknown}
 V - a scroll of noise {unknown}
 Z - a scroll of torment {unknown}
Potions
 f - 5 potions of brilliance
 g - 2 potions of invisibility {unknown}
 o - 3 potions of magic
 p - a potion of might
 r - 4 potions of curing
 s - a potion of cancellation
 t - 2 potions of resistance
 v - 4 potions of lignification
 x - 3 potions of agility
 G - 2 potions of flight
 H - 4 potions of haste
 K - 3 potions of heal wounds {unknown}
 U - a potion of ambrosia {unknown}
Miscellaneous
 N - a crystal ball of energy
Comestibles
 a - 3 chunks of flesh
 d - 37 rations


   Skills:
 - Level 3.0 Fighting
 + Level 4.9 Armour
 + Level 8.9 Dodging
 * Level 14.7 Unarmed Combat
 - Level 5.0 Spellcasting
 - Level 13.0 Transmutations


You had 17 spell levels left.
You knew the following spells:

 Your Spells              Type           Power        Failure   Level  Hunger
a - Beastly Appendage     Tmut           ######       1%          1    None
b - Blade Hands           Tmut           ######....   1%          5    ######.

Your spell library contained the following spells:

 Spells                   Type           Power        Failure   Level  Hunger
 Cause Fear               Hex            #.........   83%         4    ####...
 Apportation              Tloc           #.....       16%         1    None
 Lightning Bolt           Conj/Air       #.........   99%         5    ######.
 Bolt of Magma            Conj/Fire/Erth #.........   99%         5    ######.
 Slow                     Hex            #.......     22%         2    #......
 Confuse                  Hex            #.......     41%         3    ##.....
 Mephitic Cloud           Conj/Pois/Air  #.......     41%         3    ##.....
 Venom Bolt               Conj/Pois      #.........   99%         5    ######.
 Olgreb's Toxic Radiance  Pois           #.......     83%         4    ####...
 Summon Small Mammal      Summ           #...         16%         1    None
 Animate Dead             Necr           N/A          83%         4    ####...
 Animate Skeleton         Necr           N/A          16%         1    None
 Sting                    Conj/Pois      #...         16%         1    None
 Tukima's Dance           Hex            #.......     41%         3    ##.....
 Iron Shot                Conj/Erth      #.........   100%        6    #######
 Shock                    Conj/Air       #...         16%         1    None
 Swiftness                Chrm/Air       #.......     22%         2    #......
 Recall                   Summ/Tloc      N/A          41%         3    ##.....
 Spider Form              Tmut/Pois      ####......   3%          3    ##.....
 Ice Form                 Ice/Tmut       ####....     11%         4    ####...
 Death Channel            Necr           #.........   100%        6    #######
 Deflect Missiles         Chrm/Air       #.........   100%        6    #######
 Airstrike                Air            #.........   83%         4    ####...
 Confusing Touch          Hex            #.....       16%         1    None
 Sticks to Snakes         Tmut           ######..     1%          2    #......
 Ensorcelled Hibernation  Hex/Ice        #.....       22%         2    #......
 Silence                  Hex/Air        #.........   99%         5    ######.
 Static Discharge         Conj/Air       #.......     41%         3    ##.....
 Corona                   Hex            #......      16%         1    None
 Simulacrum               Ice/Necr       #.........   100%        6    #######
 Conjure Ball Lightning   Conj/Air       #.........   100%        6    #######
 Portal Projectile        Hex/Tloc       #.....       41%         3    ##.....
 Orb of Destruction       Conj           #.........   100%        7    #######
 Tornado                  Air            #.........   100%        9    #######
 Leda's Liquefaction      Hex/Erth       #.........   83%         4    ####...
 Inner Flame              Hex/Fire       #.......     41%         3    ##.....
 Iskenderun's Battlesphe  Conj/Chrm      #.......     99%         5    ######.
 Dazzling Spray           Conj/Hex       #.....       41%         3    ##.....
 Summon Lightning Spire   Summ/Air       #.......     83%         4    ####...
 Spellforged Servitor     Conj/Summ      #.........   100%        7    #######
 Poisonous Vapours        Pois/Air       #.....       22%         2    #......
 Borgnjor's Vile Clutch   Necr/Erth      #.........   99%         5    ######.


Dungeon Overview and Level Annotations

Branches:
Dungeon (12/15)            Temple (1/1) D:5            Lair (6/6) D:11
 Shoals (0/4) Lair:2        Snake (0/4) Lair:2        Slime (0/5) Lair:6
    Orc (0/2) D:9

Altars:
Ashenzari
Cheibriados
Dithmenos
Elyvilon
Fedhas
Gozag
Hepliaklqana
Kikubaaqudgha
Makhleb
Nemelex Xobeh
Okawaru
Qazlal
Ru
Sif Muna
Trog
Uskayaw
Vehumet
Wu Jian
Xom
Yredelemnul
Zin
The Shining One
Jiyva

Shops:
D:4 (   D:6 (

Annotations:
Lair:4 1 runed door, zishaf's ghost, journeyman VSTm


Innate Abilities, Weirdness & Mutations

You have razor-sharp teeth.
You heal very quickly.
When hurt, damage is shared between your health and your magic reserves.
Your bite disrupts and absorbs the magic of your enemies.
Potions cannot restore your health.
You are immune to rotting.


Message History

The dire elephant completely misses you.
The dire elephant trunk-slaps you but does no damage.
The dire elephant misses you. The dire elephant closely misses you.
The dire elephant completely misses you.
The dire elephant trunk-slaps you but does no damage.
You feel less exhausted.
You spin and attack the dire elephant.
You hit the dire elephant but do no damage.
You bite the dire elephant. You drain its power.
You feel invigorated.
The dire elephant is lightly wounded.
The dire elephant tramples the plant!!
The dire elephant trunk-slaps the plant!
The dire elephant barely misses you.
The dire elephant trunk-slaps you but does no damage.
The dire elephant tramples you!!
* * * LOW HITPOINT WARNING * * *
You stumble backwards!
You feel yourself speed up. The dire elephant tramples you!!
You die...

....................#....#
.P.........#...##<......#
..P............##.......##
........#............#..P#
.........##........##......
..........#................
..........................#
......................#..P.
................@....##P...
................Y.....# .
...............YY.......
...............Y#.......
................P........
................P.....P.
........................
#......#.....)..........
.##.....................


You could see 4 dire elephants.

Vanquished Creatures
  Gastronok (Lair:2)
  A dire elephant (Lair:6)
  Josephine (D:10)
  Harold (D:8)
  A hydra (Lair:4)
  A centaur warrior (D:12)
  An anaconda (Lair:6)
  Erica (D:8)
  Nergalle (Lair:3)
  An unseen horror (D:11)
  3 ugly things
  A manticore (Lair:2)
  2 cyclopes (D:12)
  A centaur zombie (D:9)
  An elephant (D:11)
  3 spiny frogs
  2 gargoyles (D:12)
  2 black mambas
  A torpor snail (Lair:3)
  Joseph (D:8)
  3 centaur skeletons
  A rime drake (Lair:5)
  5 komodo dragons
  A polar bear (Lair:3)
  9 blink frogs
  8 hippogriffs
  A spriggan (D:7)
  3 wraiths (D:10)
  A shadow (D:11)
  39 yaks
  2 wyverns
  7 basilisks
  6 fire bats (Lair:3)
  3 hungry ghosts
  4 nagas (Lair:2)
  A soldier ant (D:11)
  14 water moccasins
  8 porcupines
  2 orc warriors
  2 sky beasts
  2 black bears
  A hornet zombie (D:8)
  2 ice beasts
  5 ogres
  2 phantoms
  9 wolves
  6 centaurs
  12 crocodiles
  5 big kobolds
  14 bullfrogs
  A wyvern skeleton (D:11)
  3 scorpions
  17 killer bees
  3 howler monkeys
  A lava snake (Lair:3)
  8 crimson imps
  A quasit (D:9)
  7 hounds
  2 jellies
  9 orc priests
  A gnoll shaman (D:4)
  9 orc wizards
  3 iguanas
  8 worker ants
  A killer bee zombie (D:8)
  A hound skeleton (D:7)
  A worker ant zombie (D:5)
  6 gnolls
  2 howler monkey skeletons
  17 adders
  3 shadow imps
  An ooze (D:3)
  An adder zombie (D:5)
  3 adder skeletons
  3 worms
  4 dart slugs
  10 leopard geckos
  48 orcs
  3 ball pythons
  9 giant cockroaches
  13 goblins
  8 hobgoblins
  8 jackals (D:5)
  3 quokkas
  4 bats
  5 frilled lizards
  A jackal zombie (D:6)
  26 kobolds
  A quokka skeleton (D:4)
  A quokka zombie (D:9)
  13 rats
  A plant (Lair:6)
475 creatures vanquished.

Vanquished Creatures (others)
  4 fungi
  A plant (Lair:6)
5 creatures vanquished.

Grand Total: 480 creatures vanquished

Notes
Turn   | Place    | Note
-------+----------+-------------------------------------------
     0 | D:1      | zishaf the Vine Stalker Transmuter began the quest for the Orb.
     0 | D:1      | Reached XP level 1. HP: 9/9 MP: 4/4
    38 | D:1      | Reached skill level 1 in Fighting
   201 | D:1      | Reached XP level 2. HP: 13/14 MP: 6/6
   705 | D:1      | Reached XP level 3. HP: 18/18 MP: 7/7
  1576 | D:2      | Found a shimmering altar of Xom.
  1576 | D:2      | Found a shimmering altar of Xom.
  1576 | D:2      | Found a shimmering altar of Xom.
  1576 | D:2      | Found a shimmering altar of Xom.
  1577 | D:2      | Found a shimmering altar of Xom.
  1577 | D:2      | Found a shimmering altar of Xom.
  1577 | D:2      | Found a shimmering altar of Xom.
  1737 | D:2      | Gained mutation: Your natural rate of healing is unusually fast. [Vine Stalker growth]
  1737 | D:2      | Reached XP level 4. HP: 22/22 MP: 8/8
  2461 | D:3      | Reached XP level 5. HP: 19/26 MP: 6/9
  2515 | D:3      | Reached skill level 4 in Unarmed Combat
  2553 | D:3      | Found a sparkling altar of Nemelex Xobeh.
  2901 | D:4      | Learned a level 5 spell: Blade Hands
  2907 | D:4      | Reached skill level 1 in Armour
  2941 | D:3      | Reached XP level 6. HP: 28/30 MP: 8/10
  3168 | D:4      | Reached XP level 7. HP: 32/35 MP: 11/11
  3209 | D:4      | Reached skill level 5 in Unarmed Combat
  3426 | D:4      | Found Igomar's Weapon Shoppe.
  3525 | D:4      | Found a shadowy altar of Dithmenos.
  4046 | D:5      | Entered Level 5 of the Dungeon
  4110 | D:5      | Reached skill level 5 in Transmutations
  4132 | D:5      | Found an ancient bone altar of Kikubaaqudgha.
  4414 | D:5      | Found a staircase to the Ecumenical Temple.
  4496 | D:5      | Gained mutation: You have razor-sharp teeth. [Vine Stalker growth]
  4496 | D:5      | Reached XP level 8. HP: 27/40 MP: 12/12
  4574 | Temple   | Entered the Ecumenical Temple
  4679 | Temple   | Became a worshipper of the Wu Jian Council
  4968 | D:5      | Reached skill level 6 in Unarmed Combat
  5020 | D:6      | Found Lyevam's Antique Weapon Boutique.
  5163 | D:6      | Got an ancient leather armour
  5174 | D:6      | Identified the +5 leather armour "Umoitt" {*Slow rF+ rC++ Stlth+} (You found it on level 6 of the Dungeon)
  5237 | D:6      | Found a blossoming altar of Fedhas.
  5516 | D:6      | Reached skill level 7 in Unarmed Combat
  5569 | D:6      | Found a blossoming altar of Fedhas.
  5641 | D:6      | Found a white marble altar of Elyvilon.
  5680 | D:6      | Found a bloodstained altar of Trog.
  5781 | D:6      | Found a radiant altar of Vehumet.
  5823 | D:7      | Found a hide-covered altar of Uskayaw.
  5823 | D:7      | Noticed a hand axe
  5823 | D:7      | Noticed a dagger
  5858 | D:7      | Found a burning altar of Makhleb.
  5902 | D:7      | Reached XP level 9. HP: 34/44 MP: 9/13
  6349 | D:7      | Reached * piety under Wu Jian
  6551 | D:7      | Reached skill level 8 in Unarmed Combat
  6771 | D:7      | Found a glowing golden altar of the Shining One.
  7041 | D:8      | Noticed Erica
  7041 | D:8      | Noticed Joseph
  7411 | D:8      | Killed Joseph
  7411 | D:8      | Reached skill level 9 in Unarmed Combat
  7573 | D:8      | Reached XP level 10. HP: 49/49 MP: 14/14
  7730 | D:8      | Killed Erica
  7936 | D:8      | Reached ** piety under Wu Jian
  8067 | D:8      | Found a sacrificial altar of Ru.
  8067 | D:8      | Noticed Harold
  8081 | D:8      | Killed Harold
  8081 | D:8      | Reached skill level 5 in Dodging
  8367 | D:9      | Reached skill level 10 in Unarmed Combat
  8475 | D:9      | Reached skill level 10 in Transmutations
  8544 | D:9      | Found a staircase to the Orcish Mines.
  8645 | D:9      | Reached XP level 11. HP: 29/52 MP: 2/15
  8712 | D:9      | Found the ring of the Octopus King
  9069 | D:9      | Reached skill level 11 in Unarmed Combat
  9366 | D:9      | Got a wavering wooden ring
  9396 | D:9      | Identified the ring "Rieh" {rElec rF+ rC+ MR- Dex+2} (You found it on level 9 of the Dungeon)
  9413 | D:10     | Entered Level 10 of the Dungeon
  9527 | D:10     | Reached *** piety under Wu Jian
  9754 | D:10     | Noticed Josephine
  9766 | D:10     | Killed Josephine
 10287 | D:11     | Noticed a cyan ugly thing
 10302 | D:11     | Killed a cyan ugly thing
 10333 | D:11     | Killed an unseen horror
 10357 | D:11     | Found a staircase to the Lair.
 10426 | D:11     | Reached skill level 12 in Unarmed Combat
 10426 | D:11     | Gained mutation: You heal very quickly. [Vine Stalker growth]
 10426 | D:11     | Reached XP level 12. HP: 42/56 MP: 8/16
 10431 | D:11     | Reached **** piety under Wu Jian
 11357 | D:12     | Found a shattered altar of Ashenzari.
 11429 | D:12     | Noticed a centaur warrior
 11439 | D:12     | Killed a centaur warrior
 12142 | Lair:1   | Entered Level 1 of the Lair of Beasts
 12170 | Lair:1   | Reached skill level 13 in Unarmed Combat
 12309 | Lair:1   | Got a heavily runed amber ring
 12317 | Lair:1   | Identified the ring "Fanguyff" {rElec Str+2 Int+4 SInv} (You found it on level 1 of the Lair of Beasts)
 12559 | Lair:1   | Reached ***** piety under Wu Jian
 12703 | Lair:1   | You fall through a shaft!
 12703 | Lair:2   | Found a staircase to the Shoals.
 12708 | Lair:2   | Noticed Gastronok
 12722 | Lair:2   | Killed Gastronok
 12722 | Lair:2   | Reached XP level 13. HP: 31/60 MP: 10/18
 12870 | Lair:2   | Found a staircase to the Snake Pit.
 13947 | Lair:3   | Noticed Nergalle
 13956 | Lair:3   | Killed Nergalle
 15184 | Lair:4   | Reached skill level 14 in Unarmed Combat
 15688 | Lair:4   | Found a runed door.
 15688 | Lair:4   | Noticed zishaf's ghost (journeyman VSTm)
 16463 | Lair:6   | Entered Level 6 of the Lair of Beasts
 16485 | Lair:6   | Reached skill level 5 in Spellcasting
 16544 | Lair:5   | HP: 3/60 [spiny frog (4)]
 16800 | Lair:6   | Found a viscous altar of Jiyva.
 16800 | Lair:6   | Found a staircase to the Slime Pits.
 16949 | Lair:6   | Noticed a dire elephant
 16960 | Lair:6   | Killed a dire elephant
 16964 | Lair:6   | Noticed a dire elephant
 16964 | Lair:6   | Noticed a dire elephant
 16982 | Lair:6   | HP: 1/60 [dire elephant (25)]
 16996 | Lair:6   | Noticed a dire elephant
 17006 | Lair:6   | Noticed a dire elephant
 17037 | Lair:5   | Reached XP level 14. HP: 52/65 MP: 7/22
 17123 | Lair:6   | HP: 2/65 [dire elephant (25)]
 17132 | Lair:6   | HP: 1/65 [dire elephant (20)]
 17134 | Lair:6   | Demolished by a dire elephant

Skill      XL: |  1  2  3  4  5  6  7  8  9 10 11 12 13 |
---------------+----------------------------------------+-----
Fighting       | 1 2 3 |  3.0
Dodging        | 2 3 4 5 6 7 8 |  8.9
Transmutations | 3 4 5 7 8 10 11 13 | 13.0
Unarmed Combat | 4 5 7 9 10 12 13 14 | 14.7
Armour         | 1 2 4 |  4.9
Spellcasting   | 3 5 |  5.0

Action                   |  1- 3 |  4- 6 |  7- 9 | 10-12 | 13-15 || total
-------------------------+-------+-------+-------+-------+-------++-------
Melee: Unarmed           |   119 |   250 |   484 |   452 |   252 ||  1557
       Bite              |    30 |    72 |   118 |   113 |    62 ||   395
       Punch             |     1 |     4 |    16 |    19 |    16 ||    56
 Fire: Hunting sling     |       |     9 |    16 |       |       ||    25
 Cast: Blade Hands       |       |       |     3 |    49 |    36 ||    88
       Beastly Appendage |       |       |     1 |       |       ||     1
Invok: Lunge             |       |       |    19 |    34 |    25 ||    78
       Whirlwind         |       |       |     1 |     2 |     8 ||    11
       Wall Jump         |       |       |       |     1 |     5 ||     6
       Serpent's Lash    |       |       |       |     1 |     3 ||     4
       Heavenly Storm    |       |       |       |     1 |       ||     1
Evoke: Wand              |       |       |     2 |       |     3 ||     5
  Use: Scroll            |       |       |     9 |     1 |     3 ||    13
       Potion            |       |       |     1 |     1 |     1 ||     3
 Stab: Sleeping          |     1 |       |     3 |     6 |     4 ||    14
       Distracted        |       |       |     1 |       |       ||     1
  Eat: Chunk             |     3 |     5 |    15 |    30 |    18 ||    71
       Ration            |       |       |       |     2 |     3 ||     5
Armor: Robe              |    14 |       |       |       |       ||    14
       Plate armour      |    42 |   211 |    32 |       |       ||   285
       Leather armour    |       |       |   139 |   109 |    83 ||   331
Dodge: Dodged            |    67 |    66 |   224 |   271 |   181 ||   809
